 Dungeon Crawl Stone Soup version 0.27-a0-1116-g91b3acb402 (webtiles) character file.

Game seed: 17711423829662403111

331 voltaire321 the Poker (level 6, -14/72 HPs)
             Began as a Merfolk Gladiator on May 2, 2021.
             Demolished by Crazy Yiuf
             ... wielding a +4 quarterstaff of chaos
              (15 damage)
             ... on level 2 of the Dungeon.
             The game lasted 00:07:07 (3171 turns).

voltaire321 the Poker (Merfolk Gladiator)           Turns: 3171, Time: 00:07:08

Health: -14/72     AC: 27    Str: 15    XL:     6   Next: 52%
Magic:  6/6        EV:  2    Int:  7    God:
Gold:   167        SH:  0    Dex: 17    Spells: 5/5 levels left

rFire    . . .     SeeInvis .   a - +0 trident
rCold    . . .     Faith    .   (no shield)
rNeg     + + +     Spirit   .   (armour currently unavailable)
rPois    +         Reflect  .   (helmet currently unavailable)
rElec    .         Harm     .   (cloak currently unavailable)
rCorr    .         Rampage  .   (gloves currently unavailable)
Will     .....     NoTele   +   (boots currently unavailable)
Stlth    ++........             (no amulet)
HPRegen  0.22/turn              k - +4 ring of protection
MPRegen  0.10/turn              (no ring)

@: tree-form
A: stationary, stasis, torment immunity, boosted hp, (nimble swimmer 2),
(mertail)
a: no special abilities


You were on level 2 of the Dungeon.
You were a tree.
You visited 1 branch of the dungeon, and saw 3 of its levels.

You collected 167 gold pieces.

Inventory:

Hand Weapons
 a - a +0 trident (weapon)
Missiles
 d - 3 throwing nets
 h - 15 poisoned darts (quivered)
 j - 8 boomerangs
Armour
 b - a +0 leather armour (melded)
 c - a +0 helmet (melded)
Jewellery
 k - a +4 ring of protection (left branch)
Scrolls
 f - 2 scrolls of amnesia {unknown}
 g - 2 scrolls of enchant armour {unknown}
 i - 2 scrolls of identify {unknown}
 m - a scroll of teleportation {unknown}
 n - a scroll of holy word {unknown}
Potions
 l - a potion of resistance {unknown}


   Skills:
 + Level 4.0 Fighting
 + Level 6.4 Polearms
 + Level 3.7 Throwing
 + Level 5.7 Dodging


You had 5 spell levels left.
You didn't know any spells.
Your spell library contained the following spells:

 Spells                   Type           Power      Damage    Failure   Level
 Magic Dart               Conj           0%         1d3       43%         1
 Searing Ray              Conj           0%         3d3       56%         2
 Dazzling Flash           Conj/Hex       0%         N/A       80%         3
 Fulminant Prism          Conj/Hex       0%         3d6       99%         4
 Iskenderun's Mystic Bla  Conj/Tloc      0%         2d3       99%         4


Dungeon Overview and Level Annotations

Branches:
Dungeon (3/15)

Altars:

Annotations:
D:2 Crazy Yiuf


Innate Abilities, Weirdness & Mutations

You are a tree.
Your roots penetrate the ground, keeping you stationary.
You cannot be teleported.
You are immune to unholy pain and torment.
Your maximum health is greatly increased.
Your equipment is partially melded.
((You are quick and stealthy near water. (Stealth+, EV+, Speed+++)))
((Your lower body shifts to a powerful aquatic tail in water.))


Message History

Crazy Yiuf is moderately wounded.
Crazy Yiuf barely misses you.
Crazy Yiuf laughs, "You poople high!"
Things that are here:
19 arrows; a +0 pair of gloves
There is a stone staircase leading down here.
Crazy Yiuf closely misses you.
Crazy Yiuf whimpers, "Race bush agre!"
There is a stone staircase leading up here.
You climb upwards.
There is a stone staircase leading down, spattered with blood here.
Things that are here:
3 stones; a +0 club; a +0 dagger Crazy Yiuf whimpers, "Snoogle!
Action spinner sing-song."
Crazy Yiuf whimpers, "Citrus light hog!"
Crazy Yiuf glowers.
Crazy Yiuf laughs, "Spliff!
Dawk forty-two arga."
Crazy Yiuf laughs, "Defame tortoise senile!"
You see here 10 stones.
Unknown command.
Really quaff the potion of lignification?
You turn into a tree.
Your +0 helmet melds into your body.
Your +0 leather armour melds into your body.
Your roots penetrate the ground.
Crazy Yiuf hits you with a +4 quarterstaff of chaos.
* * * LOW HITPOINT WARNING * * *
Crazy Yiuf burns you.
* * * LOW HITPOINT WARNING * * *
You hit Crazy Yiuf.
Crazy Yiuf is moderately wounded.
Crazy Yiuf hits you but does no damage.
You closely miss Crazy Yiuf.
Crazy Yiuf is moderately wounded.
Crazy Yiuf hits you but does no damage.
You hit Crazy Yiuf but do no damage.
Crazy Yiuf is moderately wounded.
Crazy Yiuf hits you with a +4 quarterstaff of chaos.
* * * LOW HITPOINT WARNING * * *
You are electrocuted!
You die...

#####.###.......# #.# #
#.##...###..### #########.# #
#.............# #.........# #
####...###..#.#####.######### #
##.####.......##.# #
#.<.......##.##.# #
#######...##.##.######### #
##................. ##########
#♣.############### .........#
#g.# ############# ########.#
#..# #............ ########.#
#..# #.....####...
#........#######..###...### #...
#.#####.............#..#######...
#.# #.............###..##........
#.###.##.#######.## #.###....#...
#......#.# #.# #.# #....#...


You could see Crazy Yiuf.

Vanquished Creatures
  Sigmund (D:2)
  An orc priest (D:3)
  Terence (D:2)
  4 gnolls (D:3)
  An adder (D:2)
  A worm (D:3)
  A dart slug (D:1)
  3 orcs (D:3)
  6 ball pythons
  4 bats
  5 endoplasms
  A giant cockroach (D:3)
  7 hobgoblins
  11 jackals
  7 kobolds
  4 quokkas
  3 frilled lizards
  4 goblins
  3 rats
68 creatures vanquished.

Notes
Turn   | Place    | Note
-------+----------+-------------------------------------------
     0 | D:1      | voltaire321 the Merfolk Gladiator began the quest for the
                  | Orb.
     0 | D:1      | Reached XP level 1. HP: 16/16 MP: 1/1
    70 | D:1      | Reached XP level 2. HP: 19/23 MP: 2/2
   296 | D:1      | You fall into a shaft and drop 1 floor!
   393 | D:2      | Reached XP level 3. HP: 22/28 MP: 3/3
   519 | D:1      | Reached skill level 5 in Polearms
  1444 | D:2      | Reached XP level 4. HP: 33/34 MP: 4/4
  1463 | D:2      | Noticed Terence
  1473 | D:2      | Killed Terence
  1561 | D:2      | Found a faded altar of an unknown god.
  1725 | D:2      | Noticed Sigmund
  1755 | D:2      | Killed Sigmund
  1756 | D:2      | Reached skill level 6 in Polearms
  1756 | D:2      | Reached skill level 5 in Dodging
  1756 | D:2      | Reached XP level 5. HP: 42/42 MP: 5/5
  1756 | D:2      | Reached XP level 6. HP: 48/48 MP: 6/6
  3108 | D:3      | Found a runed translucent door.
  3109 | D:3      | Noticed Crazy Yiuf
  3121 | D:3      | HP: 1/48 [Crazy Yiuf/+4 quarterstaff of chaos (5)]
  3171 | D:2      | HP: 1/72 [Crazy Yiuf/+4 quarterstaff of chaos (5)]
  3171 | D:2      | Demolished by Crazy Yiuf

Illustrated notes

Levels and vault maps discovered:
D:1:      amcnicky_arrival_abandoned_market, layout_basic, minmay_box_of_dots
D:2:      minmay_recursive_quarters, layout_loops_ring,
          ebering_ecumenical_altar_abandoned, eino_curves_03, uniq_terence,
          uniq_sigmund
D:3:      layout_loops_corners, kennysheep_small_spiral, uniq_crazy_yiuf_cottage

Skill      XL: |  1  2  3  4  5  6 |
---------------+-------------------+-----
Polearms       | 5 6 |  6.4
Fighting       | 3 4 |  4.0
Throwing       | 3 |  3.7
Dodging        | 5 |  5.7

Action                   |  1- 3 |  4- 6 || total
-------------------------+-------+-------++-------
Melee: Trident           |   132 |   103 ||   235
Throw: Dart              |       |    22 ||    22
  Use: Potion            |       |     2 ||     2
 Stab: Sleeping          |     2 |     1 ||     3
Armor: Leather armour    |    37 |    14 ||    51
       Skin              |       |    17 ||    17
Dodge: Dodged            |    89 |    64 ||   153

Table legend: (Time is in decaauts)
 A = Elapsed time spent in this place.
 B = Non-inter-level travel time spent in this place.
 C = Inter-level travel time spent in this place.
 D = Time resting spent in this place.
 E = Time spent auto-exploring this place.
 F = Levels seen in this place.
 G = Mean time per level.
                   A        B        C        D        E       F      G
               +--------+--------+--------+--------+--------+-----+--------+
         Total |   3175 |   3136 |     39 |    345 |   2189 |   3 | 1058.3 |
       Dungeon |   3175 |   3136 |     39 |    345 |   2189 |   3 | 1058.3 |
               +--------+--------+--------+--------+--------+-----+--------+

Top non-repeatable levels by time:
     D:2: 1189 daAuts
     D:1: 1186 daAuts
     D:3: 800 daAuts
